Map: Pylon LE

Players

Sindyr

  • Race: Terran Terran
  • League: Master
  • Spawn Location: 11:00

A.I. 1 (Medium) - Winner!

  • Race: Protoss Protoss
  • Spawn Location: 5:00

VOD

Have the link to the VOD?

Description

Time

  • Played on: Sept. 11, 2025, 9:05 p.m.
  • Length: 3:55
Show
View Real Time Build Order
Export as new Build Order

Sindyr Terran 

Build Orders:  

Get SALT Encoding   

  12  0:02  SCV  
  13  0:14  SCV  
  14  0:19  Supply Depot  
  14  0:26  SCV  
  15  0:41  SCV  
  16  0:43  Barracks  
  16  0:54  SCV, Refinery  
  17  1:06  SCV  
  18  1:29  Orbital Command  
  18  1:35  Barracks Tech Lab  
  18  1:43  Command Center  
  18  1:57  SCV  
  19  2:09  SCV  
  19  2:10  Supply Depot  
  20  2:19  Factory  
  20  2:21  SCV  
  21  2:29  Refinery  
  21  2:33  SCV  
  22  2:44  Bunker  
  22  2:45  SCV  
  23  2:57  SCV  
  24  3:08  Starport  
  24  3:09  SCV  
  25  3:21  SCV  
  25  3:24  Orbital Command, Barracks  
  26  3:27  Barracks  
  26  3:33  SCV  
  27  3:35  Factory Reactor  
  27  3:43  Barracks  
Show
View Real Time Build Order
Export as new Build Order

A.I. 1 (Medium) Protoss - Winner!

Build Orders:  

Get SALT Encoding   

  12  0:00  Probe  
  13  0:13  Probe  
  14  0:20  Pylon  
  14  0:25  Probe  
  15  0:34  Probe  
  15  0:42  Probe  
  16  0:47  Assimilator  
  17  0:51  Gateway  
  17  0:52  Probe  
  18  1:00  Pylon  
  18  1:28  Gateway  
  18  1:34  Assimilator  
  18  1:39  Zealot  
  20  1:40  Cybernetics Core  
  20  2:00  Zealot  
  22  2:11  Pylon  
  22  2:17  Stalker  
  24  2:35  Stalker  
  26  2:49  Stalker  
  28  2:58  Pylon  
  28  3:04  Probe  
  29  3:15  Adept  
  29  3:16  Probe  
  32  3:27  Forge  
  32  3:28  Probe  
  35  3:40  Probe  
Tags
 
League
Master
Matchup
PvT
Replay Pack
Multiplayer
Spawn Locations
Cross Positions
Add a new tag
Caveats
  • Supply blocks, unpowered buildings, or Contaminate may cause inaccurate times.
  • Supply counts are checked every 10 seconds.